NWL (28 & UNDER)
MOOSE JAW GHOSTBUSTERS @ BALZAC RAMS
08/31/2030
 
TOP OF THE 1ST
Moose Jaw Ghostbusters batting - Pitching for Balzac Rams : LHP Bill Martin
Pitching: LHP Bill Martin
Batting: SHB Lonnie Washington 0-0: Ground out 5-3 (Groundball, 5S)
Batting: RHB Edmund Kline 0-0: Called Strike
0-1: Foul Ball, location: 2F
0-2: Ball
1-2: Strikes out swinging
Batting: LHB Bill O'Higgins 0-0: Swinging Strike
0-1: Ball
1-1: Ball
2-1: Swinging Strike
2-2: Foul Ball, location: 2F
2-2: Strikes out swinging
Top of the 1st over - 0 runs, 0 hits, 0 errors, 0 left on base; Moose Jaw 0 - Balzac 0
BOTTOM OF THE 1ST
Balzac Rams batting - Pitching for Moose Jaw Ghostbusters : RHP Bennett Greer
Pitching: RHP Bennett Greer
Batting: RHB Juan Jose López 0-0: Called Strike
0-1: Foul Ball, location: 2F
0-2: Ball
1-2: Ground out 6-3 (Groundball, 6)
Batting: RHB Jorge Castillo 0-0: Foul Ball, location: 2F
0-1: Foul Ball, location: 2F
0-2: Foul Ball, location: 2F
0-2: Ball
1-2: Ball
2-2: Strikes out looking
Batting: LHB Fernando Cruz 0-0: DOUBLE (Line Drive, 89D)
Batting: RHB Pedro Molina 0-0: Called Strike
0-1: Called Strike
0-2: Ball
1-2: Foul Ball, location: 2F
1-2: SINGLE (Groundball, 56D)
Fernando Cruz to third
Runner from 3rd tries for Home, SAFE, throw made home
Pedro Molina to second
Batting: SHB Juan Soriano 0-0: Ball
1-0: Ball
2-0: Fly out, F8 (Flyball, 8LD)
Bottom of the 1st over - 1 run, 2 hits, 0 errors, 1 left on base; Moose Jaw 0 - Balzac 1
TOP OF THE 2ND
Moose Jaw Ghostbusters batting - Pitching for Balzac Rams : LHP Bill Martin
Batting: RHB Scott McGuire 0-0: Ball
1-0: Reached on error, E6 (Groundball, 6)
Batting: RHB Aaron Murray 0-0: Called Strike
0-1: Ball
1-1: Ball
2-1: Foul Ball, location: 2F
2-2: SINGLE (Line Drive, 34)
Scott McGuire to second
Runner from 2nd tries for 3rd, SAFE, throw made to third
Batting: LHB Bernard Lane 0-0: Ball
1-0: Called Strike
1-1: Called Strike
1-2: Strikes out swinging
Batting: LHB Tony Beck 0-0: Ball
1-0: Ball
2-0: Ball
3-0: Base on Balls
Aaron Murray to second
Batting: SHB Martín Cruz 0-0: Called Strike
0-1: Ball
1-1: Ball
Wild Pitch!
Scott McGuire scores
Aaron Murray to third
Tony Beck to second
2-1: Ball
3-1: Base on Balls
Batting: RHB Preston Manning 0-0: Ball
1-0: Ball
2-0: Called Strike
2-1: Called Strike
2-2: Strikes out swinging
Batting: SHB Lonnie Washington 0-0: Ball
Passed Ball!
Aaron Murray scores
Tony Beck to third
Martín Cruz to second
1-0: Foul Ball, location: 2F
1-1: Swinging Strike
1-2: Strikes out looking
Top of the 2nd over - 2 runs, 1 hit, 1 error, 2 left on base; Moose Jaw 2 - Balzac 1
BOTTOM OF THE 2ND
Balzac Rams batting - Pitching for Moose Jaw Ghostbusters : RHP Bennett Greer
Batting: RHB Sam Lynch 0-0: Ball
1-0: Ball
2-0: Ball
3-0: Called Strike
3-1: Foul Ball, location: 2F
3-2: Ground out 6-3 (Groundball, 6M)
Batting: RHB Edgar Juárez 0-0: Ball
1-0: Foul Ball, location: 2F
1-1: Ball
2-1: Called Strike
2-2: Foul Ball, location: 2F
2-2: Strikes out swinging
Batting: RHB Thomas Bravo 0-0: Ball
1-0: Ball
2-0: Fly out, F8 (Flyball, 8RM)
Bottom of the 2nd over - 0 runs, 0 hits, 0 errors, 0 left on base; Moose Jaw 2 - Balzac 1
TOP OF THE 3RD
Moose Jaw Ghostbusters batting - Pitching for Balzac Rams : LHP Bill Martin
Batting: RHB Edmund Kline 0-0: Foul Ball, location: 2F
0-1: Ball
1-1: Ball
2-1: Swinging Strike
2-2: Strikes out swinging
Batting: LHB Bill O'Higgins 0-0: Swinging Strike
0-1: Foul Ball, location: 2F
0-2: Strikes out swinging
Batting: RHB Scott McGuire 0-0: Swinging Strike
0-1: Ball
1-1: Foul Ball, location: 2F
1-2: Strikes out looking
Top of the 3rd over - 0 runs, 0 hits, 0 errors, 0 left on base; Moose Jaw 2 - Balzac 1
BOTTOM OF THE 3RD
Balzac Rams batting - Pitching for Moose Jaw Ghostbusters : RHP Bennett Greer
Batting: RHB Chris Forrest 0-0: Swinging Strike
0-1: Ball
1-1: Foul Ball, location: 2F
1-2: Fly out, F8 (Flyball, 89D)
Batting: RHB Juan Jose López 0-0: Ball
1-0: SINGLE (Flyball, 89S)
Batting: RHB Jorge Castillo 0-0: Ball
1-0: Ball
2-0: Foul Ball, location: 2F
2-1: Fly out, F9 (Flyball, 89S)
Batting: LHB Fernando Cruz 0-0: Ball
1-0: Swinging Strike
1-1: Ball
2-1: Swinging Strike
2-2: Ground out 4-3 (Groundball, 4)
Bottom of the 3rd over - 0 runs, 1 hit, 0 errors, 1 left on base; Moose Jaw 2 - Balzac 1
TOP OF THE 4TH
Moose Jaw Ghostbusters batting - Pitching for Balzac Rams : LHP Bill Martin
Batting: RHB Aaron Murray 0-0: Called Strike
0-1: Foul Ball, location: 2F
0-2: Ground out U3 (Groundball, 34)
Batting: LHB Bernard Lane 0-0: Ball
1-0: Ball
2-0: Ball
3-0: Called Strike
3-1: Ground out 4-3 (Groundball, 4D)
Batting: LHB Tony Beck 0-0: Ball
1-0: Called Strike
1-1: Ball
2-1: Ball
3-1: Base on Balls
Batting: SHB Martín Cruz 0-0: Ball
1-0: Ball
Wild Pitch!
Tony Beck to second
2-0: SINGLE (Groundball, 34D)
Tony Beck to third
Runner from 3rd tries for Home, SAFE, throw made home
Batting: RHB Preston Manning 0-0: Ball
1-0: Ball
2-0: SINGLE (Line Drive, 9S)
Martín Cruz to second
Runner from 2nd tries for 3rd, SAFE, no throw
Batting: SHB Lonnie Washington 0-0: Ball
Wild Pitch!
Martín Cruz scores
Preston Manning to second
1-0: Ball
2-0: Foul Ball, location: 2F
2-1: Swinging Strike
2-2: SINGLE (Groundball, 6S) (infield hit)
Preston Manning to third
Batting: RHB Edmund Kline 0-0: Ball
1-0: Swinging Strike
1-1: Ball
2-1: Fly out, F9 (Flyball, 9D)
Top of the 4th over - 2 runs, 3 hits, 0 errors, 2 left on base; Moose Jaw 4 - Balzac 1
BOTTOM OF THE 4TH
Balzac Rams batting - Pitching for Moose Jaw Ghostbusters : RHP Bennett Greer
Batting: RHB Pedro Molina 0-0: SOLO HOME RUN (Flyball, 7D), Distance : 425 ft
Batting: SHB Juan Soriano 0-0: Ball
1-0: Called Strike
1-1: Fly out, F1 (Line Drive, 15S)
Batting: RHB Sam Lynch 0-0: Fly out, F9 (Flyball, 89S)
Batting: RHB Edgar Juárez 0-0: Ball
1-0: Ball
2-0: Called Strike
2-1: Foul Ball, location: 2F
2-2: Foul Ball, location: 2F
2-2: Ball
3-2: SINGLE (Flyball, 89M)
Batting: RHB Thomas Bravo 0-0: SINGLE (Line Drive, 4MD)
Edgar Juárez to second
Runner from 2nd tries for 3rd, SAFE, throw made to third
Batting: RHB Chris Forrest 0-0: Ball
1-0: Reached on error, E5 (Groundball, 5)
Edgar Juárez scores
Thomas Bravo to second
Batting: RHB Juan Jose López 0-0: Ball
1-0: Ball
2-0: Ball
3-0: Called Strike
3-1: Fielders Choice at 2nd, 6-4 (Groundball, 56)
Bottom of the 4th over - 2 runs, 3 hits, 1 error, 2 left on base; Moose Jaw 4 - Balzac 3
TOP OF THE 5TH
Moose Jaw Ghostbusters batting - Pitching for Balzac Rams : LHP Bill Martin
Batting: LHB Bill O'Higgins 0-0: SOLO HOME RUN (Flyball, 7LD), Distance : 409 ft
Batting: RHB Scott McGuire 0-0: Ball
1-0: Foul Ball, location: 2F
1-1: Fly out, F8 (Flyball, 8RXD)
Batting: RHB Aaron Murray 0-0: Ball
1-0: Called Strike
1-1: Ball
2-1: Foul Ball, location: 2F
2-2: Strikes out swinging
Batting: LHB Bernard Lane 0-0: Ball
1-0: Called Strike
1-1: Called Strike
1-2: Foul Ball, location: 2F
1-2: Ball
2-2: Ball
3-2: Strikes out swinging
Top of the 5th over - 1 run, 1 hit, 0 errors, 0 left on base; Moose Jaw 5 - Balzac 3
BOTTOM OF THE 5TH
Balzac Rams batting - Pitching for Moose Jaw Ghostbusters : RHP Bennett Greer
Batting: RHB Jorge Castillo 0-0: Ball
1-0: Ball
2-0: Ball
3-0: Called Strike
3-1: Called Strike
3-2: Foul Ball, location: 2F
3-2: Foul Ball, location: 2F
3-2: Strikes out swinging, 2-3 out at first.
Batting: LHB Fernando Cruz 0-0: Fly out, F8 (Line Drive, 8LM)
Batting: RHB Pedro Molina 0-0: Ball
1-0: Swinging Strike
1-1: SINGLE (Flyball, 9LS)
Batting: SHB Juan Soriano 0-0: Swinging Strike
0-1: Ball
1-1: Ball
2-1: Foul Ball, location: 2F
2-2: Fly out, F5 (Popup, 56S)
Bottom of the 5th over - 0 runs, 1 hit, 0 errors, 1 left on base; Moose Jaw 5 - Balzac 3
TOP OF THE 6TH
Moose Jaw Ghostbusters batting - Pitching for Balzac Rams : LHP Bill Martin
Pitching: RHP Guillermo Lozano
Batting: LHB Tony Beck 0-0: Swinging Strike
0-1: Ball
1-1: Ball
2-1: Foul Ball, location: 2F
2-2: Ball
3-2: Foul Ball, location: 2F
3-2: SINGLE (Flyball, 78S)
Batting: SHB Martín Cruz 0-0: Foul Ball, location: 2F
0-1: Grounds into double play, 6-4-3 (Groundball, 6)
Batting: RHB Preston Manning 0-0: Swinging Strike
0-1: Foul Ball, location: 2F
0-2: Ball
1-2: Ball
2-2: Strikes out swinging
Top of the 6th over - 0 runs, 1 hit, 0 errors, 0 left on base; Moose Jaw 5 - Balzac 3
BOTTOM OF THE 6TH
Balzac Rams batting - Pitching for Moose Jaw Ghostbusters : RHP Bennett Greer
Batting: RHB Sam Lynch 0-0: Ball
1-0: Ball
2-0: Called Strike
2-1: Reached on error, E9 (Flyball, 9)
Batting: RHB Edgar Juárez 0-0: Ball
1-0: Fly out, F9 (Flyball, 9LD)
Batting: RHB Thomas Bravo 0-0: Ball
1-0: Foul Ball, location: 2F
1-1: Swinging Strike
1-2: Strikes out swinging
Batting: RHB Chris Forrest 0-0: Fly out, F7 (Flyball, 7S)
Bottom of the 6th over - 0 runs, 0 hits, 1 error, 1 left on base; Moose Jaw 5 - Balzac 3
TOP OF THE 7TH
Moose Jaw Ghostbusters batting - Pitching for Balzac Rams : RHP Guillermo Lozano
Pitching: RHP John Dickson
Batting: SHB Lonnie Washington 0-0: Ball
1-0: Ball
2-0: Reached on error, E5 (Groundball, 56)
Batting: RHB Edmund Kline 0-0: Ball
1-0: Bunted foul
1-1: Called Strike
Lonnie Washington steals 2nd base
1-2: Foul Ball, location: 2F
1-2: Foul Ball, location: 2F
1-2: Fly out, F4 (Popup, 3DF)
Batting: LHB Bill O'Higgins 0-0: Foul Ball, location: 2F
0-1: Foul Ball, location: 2F
0-2: Strikes out looking
Batting: RHB Scott McGuire 0-0: Called Strike
0-1: Ball
1-1: Swinging Strike
1-2: Ball
2-2: Foul Ball, location: 2F
2-2: Strikes out swinging
Top of the 7th over - 0 runs, 0 hits, 1 error, 1 left on base; Moose Jaw 5 - Balzac 3
BOTTOM OF THE 7TH
Balzac Rams batting - Pitching for Moose Jaw Ghostbusters : RHP Bennett Greer
Pitching: LHP Teuk-chin Kim
Batting: RHB Juan Jose López 0-0: Swinging Strike
0-1: Swinging Strike
0-2: Ball
1-2: Ball
2-2: Strikes out looking
Batting: RHB Jorge Castillo 0-0: Ball
1-0: Ball
2-0: Called Strike
2-1: Ball
3-1: Called Strike
3-2: Strikes out looking
Batting: LHB Fernando Cruz 0-0: Called Strike
0-1: Ground out 5-3 (Groundball, 5)
Bottom of the 7th over - 0 runs, 0 hits, 0 errors, 0 left on base; Moose Jaw 5 - Balzac 3
TOP OF THE 8TH
Moose Jaw Ghostbusters batting - Pitching for Balzac Rams : RHP John Dickson
Batting: RHB Aaron Murray 0-0: Foul Ball, location: 2F
0-1: Swinging Strike
0-2: Foul Ball, location: 2F
0-2: Ball
1-2: Strikes out swinging
Batting: LHB Bernard Lane 0-0: Foul Ball, location: 2F
0-1: Ground out 6-3 (Groundball, 6M)
Batting: LHB Tony Beck 0-0: Foul Ball, location: 2F
0-1: Called Strike
0-2: SINGLE (Line Drive, 4MD)
Batting: SHB Martín Cruz 0-0: Called Strike
0-1: Swinging Strike
0-2: Ball
1-2: Ball
2-2: Ball
3-2: Strikes out swinging
Top of the 8th over - 0 runs, 1 hit, 0 errors, 1 left on base; Moose Jaw 5 - Balzac 3
BOTTOM OF THE 8TH
Balzac Rams batting - Pitching for Moose Jaw Ghostbusters : LHP Teuk-chin Kim
Batting: RHB Pedro Molina 0-0: Fly out, F6 (Popup, 6)
Batting: SHB Juan Soriano 0-0: Ball
1-0: Called Strike
1-1: Foul Ball, location: 2F
1-2: Strikes out looking
Batting: RHB Sam Lynch 0-0: Ball
1-0: Called Strike
1-1: Ball
2-1: Foul Ball, location: 2F
2-2: Fly out, F3 (Line Drive, 34S)
Bottom of the 8th over - 0 runs, 0 hits, 0 errors, 0 left on base; Moose Jaw 5 - Balzac 3
TOP OF THE 9TH
Moose Jaw Ghostbusters batting - Pitching for Balzac Rams : RHP John Dickson
Batting: RHB Preston Manning 0-0: Called Strike
0-1: Swinging Strike
0-2: Ball
1-2: Ball
2-2: Strikes out swinging
Batting: SHB Lonnie Washington 0-0: SINGLE (Groundball, 4D)
Batting: RHB Edmund Kline 0-0: Called Strike
Lonnie Washington steals 2nd base
0-1: Called Strike
0-2: Foul Ball, location: 2F
0-2: Ball
1-2: Ball
2-2: Foul Ball, location: 2F
2-2: Foul Ball, location: 2F
2-2: Strikes out swinging
Batting: LHB Bill O'Higgins 0-0: Called Strike
0-1: Called Strike
0-2: Ground out 6-3 (Groundball, 6D)
Top of the 9th over - 0 runs, 1 hit, 0 errors, 1 left on base; Moose Jaw 5 - Balzac 3
BOTTOM OF THE 9TH
Balzac Rams batting - Pitching for Moose Jaw Ghostbusters : LHP Teuk-chin Kim
Pitching: RHP António Peña
Batting: RHB Edgar Juárez 0-0: Ball
1-0: Swinging Strike
1-1: Ball
2-1: Ball
3-1: Foul Ball, location: 2F
3-2: SINGLE (Groundball, 56) (infield hit)
Pinch Hitting: RHB Gunner Allen 0-0: Called Strike
0-1: Ball
1-1: Ball
2-1: Called Strike
2-2: SINGLE (Groundball, 6MD)
Edgar Juárez to second
Pinch Hitting: RHB Brian Andrews 0-0: Swinging Strike
0-1: Ball
1-1: Foul Ball, location: 2F
1-2: Strikes out looking
Batting: RHB Juan Jose López 0-0: Called Strike
0-1: Called Strike
0-2: Ball
1-2: Fly out, F8 (Flyball, 89M)
Batting: RHB Jorge Castillo 0-0: Ball
1-0: Foul Ball, location: 2F
1-1: Ball
2-1: Fly out, F9 (Flyball, 9S)
Bottom of the 9th over - 0 runs, 2 hits, 0 errors, 2 left on base; Moose Jaw 5 - Balzac 3
Saturday, April 7th, 2018 - OOTP Baseball 18.8 Build 76